 Dungeon Crawl Stone Soup version 0.26.0-45-g9c1d065592 (webtiles) character file.

Game seed: 16135205360150225861

249 oldmanjim the Chopper (level 5, 0/48 HPs)
             Began as a Minotaur Berserker on Jan 30, 2021.
             Was a Priest of Trog.
             Shot with an arrow by a centaur (10 damage)
             ... on level 4 of the Dungeon.
             The game lasted 00:13:34 (2513 turns).

oldmanjim the Chopper (Minotaur Berserker)          Turns: 2513, Time: 00:13:35

Health: 0/48       AC:  7    Str: 22    XL:     5   Next: 87%
Magic:  4/4        EV: 12    Int:  4    God:    Trog [***...]
Gold:   178        SH:  0    Dex: 10    Spells: 4/4 levels left

rFire    . . .     SeeInvis .   b - +1 hunting sling
rCold    . . .     Faith    .   (no shield)
rNeg     . . .     Spirit   .   c - +0 ring mail
rPois    .         Reflect  .   (helmet restricted)
rElec    .         Harm     .   q - +0 cloak
rCorr    .         Rampage  .   (no gloves)
Will     .....                  (no boots)
Stlth    ..........             (no amulet)
HPRegen  0.16/turn              (no ring)
MPRegen  0.09/turn              (no ring)

@: no status effects
A: retaliatory headbutt, horns 2
a: Renounce Religion, Berserk, Trog's Hand


You were on level 4 of the Dungeon.
You worshipped Trog.
Trog was most pleased with you.
You visited 1 branch of the dungeon, and saw 4 of its levels.

You collected 178 gold pieces.

Inventory:

Hand Weapons
 a - a +0 hand axe
 b - a +1 hunting sling (weapon)
Missiles
 d - 73 arrows
 j - 2 boomerangs
 k - 22 bolts
 r - 3 poisoned darts
 t - 85 stones (quivered ammo)
Armour
 c - a +0 ring mail (worn)
 q - a +0 cloak (worn)
Scrolls
 e - 6 scrolls of remove curse
 g - a scroll of identify
 h - a scroll of fog
 s - 3 scrolls of enchant weapon
 u - a scroll of teleportation
 v - a scroll of enchant armour {unknown}
 w - a scroll of immolation {unknown}
Potions
 f - 2 potions of curing
 l - 2 potions of haste
 m - a potion of resistance {unknown}
 n - 3 potions of mutation
 o - a potion of berserk rage {unknown}
 p - a potion of attraction {unknown}


   Skills:
 - Level 5.0 Fighting
 + Level 5.2 Axes
 + Level 4.2 Armour
 + Level 3.8 Dodging


You had 4 spell levels left.
You didn't know any spells.
Your spell library was empty.

Dungeon Overview and Level Annotations

Branches:
Dungeon (4/15)
 Temple: D:4-7

Altars:
Hepliaklqana
Vehumet


Innate Abilities, Weirdness & Mutations

You reflexively headbutt those who attack you in melee.
You have a pair of horns on your head.


Message History

A centaur comes into view.
The centaur shouts!
The centaur wields a +0 shortbow.
The centaur shoots an arrow.
The arrow hits you.
You see here an arrow.
The centaur shoots an arrow.
The arrow hits you!
You see here an arrow.
The centaur shoots an arrow.
The arrow hits you!
You see here an arrow.
The centaur shoots an arrow.
The arrow hits you!
The centaur shoots an arrow.
The arrow misses you.
You see here an arrow.
The centaur shoots an arrow.
The arrow barely misses you.
You see here an arrow.
The centaur shoots an arrow.
The arrow hits you!
* * * LOW HITPOINT WARNING * * *
There is a stone staircase leading up here.
You see here an arrow.
The centaur shoots an arrow.
The arrow hits you!
You die...

#.....#....
#.......c.#
#.........#
#.........
#........
#......#
#......#
#....(.#
#@((((.+
#......+
########


You could see a centaur.

Vanquished Creatures
  An orc priest (D:3)
  An orc wizard (D:2)
  Jessica (D:2)
  5 adders (D:2)
  2 oozes
  6 worms
  3 dart slugs (D:1)
  4 leopard geckos
  6 orcs
  2 ball pythons (D:1)
  3 giant cockroaches
  9 goblins
  6 hobgoblins
  5 jackals
  3 quokkas
  6 bats
  A frilled lizard (D:3)
  8 kobolds
  10 rats
82 creatures vanquished.

Notes
Turn   | Place    | Note
-------+----------+-------------------------------------------
     0 | D:1      | oldmanjim the Minotaur Berserker began the quest for the
                  | Orb.
     0 | D:1      | Reached XP level 1. HP: 19/19 MP: 0/0
    82 | D:1      | Reached XP level 2. HP: 17/27 MP: 1/1
   363 | D:1      | Reached XP level 3. HP: 29/33 MP: 2/2
   483 | D:1      | Reached ** piety under Trog
   731 | D:2      | Reached XP level 4. HP: 41/41 MP: 3/3
   985 | D:2      | Noticed Jessica
   994 | D:2      | Killed Jessica
  1020 | D:2      | Reached XP level 5. HP: 46/47 MP: 4/4
  1303 | D:2      | Reached *** piety under Trog
  1430 | D:2      | Reached skill level 5 in Axes
  1699 | D:3      | Reached skill level 5 in Fighting
  1916 | D:3      | Found a radiant altar of Vehumet.
  2100 | D:3      | Found a hazy altar of Hepliaklqana.
  2507 | D:4      | Noticed a centaur
  2513 | D:4      | Shot with an arrow by a centaur

Illustrated notes

Levels and vault maps discovered:
D:1:      lightli_arrival_flooded_house, layout_rooms
D:2:      layout_loops_cross, serial_aquarium, aquarium_bridge_island_small
          [aquarium_subvault_small_open, aquarium_subvault_window,
          aquarium_subvault_wall, aquarium_subvault_bridge,
          aquarium_subvault_wall], aquarium_window_corridor_2,
          aquarium_window_fake, aquarium_view_2d, aquarium_balcony_double_4,
          uniq_jessica
D:3:      layout_basic, lemuel_doored_altar, lemuel_round_altar
D:4:      layout_rooms, good_gods_mini_temple, minmay_temple_entry_wispy,
          chequers_serial_rivers_large_b, kennysheep_generic_room_15,
          uniq_eustachio

Skill      XL: |  1  2  3  4  5 |
---------------+----------------+-----
Axes           | 4 5 |  5.2
Fighting       | 4 5 |  5.0
Armour         | 3 4 |  4.2
Dodging        | 3 |  3.8

Action                   |  1- 3 |  4- 6 || total
-------------------------+-------+-------++-------
Melee: Hand axe          |    67 |    87 ||   154
       Headbutt          |    11 |    14 ||    25
 Fire: Hunting sling     |       |    37 ||    37
  Use: Scroll            |       |     8 ||     8
Armor: Animal skin       |     2 |       ||     2
       Ring mail         |    21 |    37 ||    58
Dodge: Dodged            |    42 |    59 ||   101
